 Dungeon Crawl Stone Soup version 0.26-a0-259-g1effd001a9 (webtiles) character file.

Game seed: 6611295124903083230

2195 vurker the Frost Mage (level 9, -11/66 HPs)
             Began as a Human Ice Elementalist on July 19, 2020.
             Was an Initiate of Vehumet.
             Mangled by a two-headed ogre
             ... wielding a +0 giant club
              (22 damage)
             ... on level 7 of the Dungeon.
             The game lasted 00:12:47 (8342 turns).

vurker the Frost Mage (Human Ice Elementalist)      Turns: 8342, Time: 00:12:48

Health: -11/66     AC:  7    Str:  8    XL:     9   Next: 60%
Magic:  16/19      EV: 11    Int: 27    God:    Vehumet [......]
Gold:   380        SH:  0    Dex: 12    Spells: 9/21 levels left

rFire    + . .     SeeInvis .   E - +7 long sword "Ginaviamp" {venom, rPois Int+4 Dex-2}
rCold    + . .     Faith    .   (no shield)
rNeg     . . .     Spirit   .   G - +1 leather armour of Cowardice {rCorr Int+4}
rPois    +         Reflect  .   (no helmet)
rElec    .         Harm     .   y - scarf {rC+ rF+}
rCorr    +                      f - +0 pair of gloves
MR       .....                  d - +1 pair of boots
Stlth    +.........             j - amulet of regeneration
HPRegen  0.61/turn              c - ring of poison resistance
MPRegen  0.16/turn              F - ring of flight

@: about to teleport, frozen ramparts, mesmerised, lightly drained
A: no striking features
a: Renounce Religion, Evoke Flight


You were on level 7 of the Dungeon.
You worshipped Vehumet.
Vehumet was noncommittal.
You were not hungry.

You visited 2 branches of the dungeon, and saw 8 of its levels.

You collected 380 gold pieces.

Inventory:

Hand Weapons
 E - the +7 long sword "Ginaviamp" (weapon) {venom, rPois Int+4 Dex-2}
   (You found it on level 6 of the Dungeon)

   It poisons the flesh of those it strikes.
   It affects your intelligence (+4).
   It affects your dexterity (-2).
   It protects you from poison.
 H - the cursed +2 quarterstaff "Bisumn Jaol" {vorpal, *Contam rC++ MR+++ Str-4}
   (You took it off an orc priest on level 6 of the Dungeon)

   It inflicts extra damage upon your enemies.
   It affects your strength (-4).
   It greatly protects you from cold.
   It affects your resistance to hostile enchantments.
   It causes magical contamination when unequipped.
   It has a curse placed upon it.
Armour
 d - a +1 pair of boots (worn)
   (You found it on level 4 of the Dungeon)
 f - a +0 pair of gloves (worn)
   (You found it on level 1 of the Dungeon)
 y - a scarf of resistance (worn)
   (You found it on level 5 of the Dungeon)
 G - the +1 leather armour of Cowardice (worn) {rCorr Int+4}
   (You found it on level 6 of the Dungeon)

   It affects your intelligence (+4).
   It provides partial protection from all sources of acid and corrosion.
Jewellery
 c - a ring of poison resistance (left hand)
   (You took it off an orc on level 4 of the Dungeon)
 j - an amulet of regeneration (around neck)
   (You found it on level 4 of the Dungeon)
 F - a ring of flight (right hand)
   (You found it on level 4 of the Dungeon)
Wands
 b - a wand of clouds (7)
   (You took it off an orc on level 4 of the Dungeon)
 u - a wand of paralysis (6)
   (You found it on level 6 of the Dungeon)
 v - a wand of digging (3)
   (You found it on level 6 of the Dungeon)
 x - a wand of acid (9)
   (You found it on level 5 of the Dungeon)
Scrolls
 a - a scroll of random uselessness {unknown}
 h - 3 scrolls of remove curse
 i - 3 scrolls of teleportation
 l - 2 scrolls of blinking
 q - 3 scrolls of immolation
 s - a scroll of enchant weapon
Potions
 m - 3 potions of flight
 o - 2 potions of mutation
 p - a potion of stabbing {unknown}
 r - 6 potions of heal wounds
 t - a potion of ambrosia {unknown}
 w - 2 potions of curing
 z - a potion of berserk rage
 B - 2 potions of lignification {unknown}
 C - 2 potions of cancellation {unknown}
 D - 2 potions of degeneration {unknown}
Comestibles
 e - 15 rations


   Skills:
 + Level 4.7(4.2) Fighting
 - Level 2.0(1.4) Dodging
 - Level 2.0(1.4) Stealth
 * Level 6.7(6.1) Spellcasting
 - Level 3.0(2.4) Conjurations
 - Level 3.0(2.4) Summonings
 * Level 8.2(7.6) Ice Magic


You had 9 spell levels left.
You knew the following spells:

 Your Spells              Type           Power        Failure   Level
a - Freeze                Ice            ####         1%          1
b - Frozen Ramparts       Ice            #####.       1%          3
c - Hailstorm             Conj/Ice       #####...     12%         4
d - Summon Ice Beast      Ice/Summ       #####...     12%         4

Your spell library contained the following spells:

 Spells                   Type           Power        Failure   Level
 Ozocubu's Armour         Chrm/Ice       ####....     6%          3


Dungeon Overview and Level Annotations

Branches:
Dungeon (7/15)             Temple (1/1) D:7

Altars:
Dithmenos
Elyvilon
Gozag
Hepliaklqana
Kikubaaqudgha
Makhleb
Okawaru
Ru
Trog
Uskayaw
Vehumet
Zin
The Shining One

Annotations:
D:7 Maggie


Message History

You hit the quokka skeleton. The quokka skeleton closely misses you.
You hit the quokka skeleton.
The quokka skeleton bites you but does no damage.
The quokka skeleton barely misses you.
You hit the quokka skeleton.
You destroy the quokka skeleton!
Vehumet accepts your kill.
No target in view!
No target in view!
No target in view!
No target in view!
No target in view!
No target in view!
No target in view!
No target in view!
No target in view!
No target in view!
Items here: ))) [[ †
There is an open door here.
Items here: )) [[ † a +0 mace; a +0 plate armour; a +3 long sword; a +0 robe; an orc corpse
Items here: ))) [[ a +1 dagger of distortion; a +0 hand axe; a +0 robe; a +3 morningstar a +0 robe
There is an escape hatch in the ceiling here.
There is an open door here.
Maggie the Vainglorious comes into view.
She is wielding a +2 glaive of flaming.
Maggie shouts!
A two-headed ogre comes into view. It is wielding two +0 giant clubs.
Maggie mumbles some strange words.
Maggie attempts to bespell you!
You are mesmerised by Maggie!
The walls around you are covered in ice.
The wall freezes Maggie.
Maggie shouts, "Leave me alone!"
Maggie hits you from afar with a +2 glaive of flaming!
The wall freezes the two-headed ogre.
The two-headed ogre hits you with a +0 giant club!! x2
* * * LOW HITPOINT WARNING * * *
You cannot move away from Maggie!
You cannot move away from Maggie!
Okay, then.
Okay, then.
As you read the scroll of teleportation, it crumbles to dust.
You feel strangely unstable.
It was a potion of berserk rage.
You are too mesmerised to rage.
The wall freezes Maggie.
Maggie barely misses you.
The wall freezes the two-headed ogre.
The two-headed ogre hits you with a +0 giant club!!
You die...

****####********************
*,,,.....,,,,,,,,,,,,,,,,,,,
*>,,,,...,,,,,,,,,,,,,,,,,,,
*,*,,,,...#########*********
*,*,#####@#.......#*****
*,*,......O.....#,,,,,,*
*,,,,,,,,,#@#**,*,,,,,,*
**********#.# *,*,,,,,,* #.#
*,***,****
#.###,,,,,********
#...#******,,,,.,*
###.#******,***#.#
#.#,,,,,,,* #.. #.#,,,,,,,*
#.. ####### #.#,,,,,,,* #..


You could see Maggie (mesmerising) and a two-headed ogre.

Vanquished Creatures
  A hippogriff (D:7)
  2 sky beasts (D:6)
  5 ogres
  A phantom (D:7)
  A centaur (D:7)
  A bullfrog (D:6)
  2 scorpions
  2 howler monkeys
  2 wights (D:7)
  A bullfrog zombie (D:6)
  2 orc priests
  A bullfrog skeleton (D:5)
  A hound (D:4)
  Crazy Yiuf (D:5)
  A centaur skeleton (D:4)
  7 orc wizards
  2 iguanas (D:7)
  5 worker ants
  A hound skeleton (D:7)
  6 adders
  A shadow imp (D:5)
  A white imp (D:4)
  An adder zombie (D:7)
  An adder skeleton (D:4)
  3 worms
  A dart slug (D:2)
  6 leopard geckos
  30 orcs
  3 giant cockroaches
  9 goblins
  4 hobgoblins
  3 jackals (D:1)
  2 quokkas
  3 ball pythons
  7 bats
  7 frilled lizards
  A giant cockroach zombie (D:4)
  7 kobolds
  A quokka skeleton (D:7)
  A quokka zombie (D:7)
  3 rats
140 creatures vanquished.

Vanquished Creatures (collateral kills)
  An orc warrior (D:7)
  3 wights (D:7)
  An adder skeleton (D:7)
  2 orcs (D:7)
7 creatures vanquished.

Grand Total: 147 creatures vanquished

Notes
Turn   | Place    | Note
-------+----------+-------------------------------------------
     0 | D:1      | vurker the Human Ice Elementalist began the quest for the
                  | Orb.
     0 | D:1      | Reached XP level 1. HP: 13/13 MP: 3/3
   386 | D:1      | Reached XP level 2. HP: 11/20 MP: 0/5
  1256 | D:1      | Reached XP level 3. HP: 25/25 MP: 0/6
  1343 | D:1      | Learned a level 3 spell: Frozen Ramparts
  1624 | D:2      | Reached skill level 1 in Fighting
  1855 | D:2      | Reached XP level 4. HP: 31/32 MP: 3/8
  2072 | D:2      | Found an iron altar of Okawaru.
  2817 | D:3      | Reached XP level 5. HP: 24/37 MP: 1/9
  2943 | D:3      | Reached skill level 5 in Ice Magic
  3498 | D:3      | Reached XP level 6. HP: 6/44 MP: 1/11
  4184 | D:4      | Found an opulent altar of Gozag.
  4535 | D:4      | Learned a level 4 spell: Hailstorm
  4540 | D:4      | Learned a level 4 spell: Summon Ice Beast
  4568 | D:4      | Found a hide-covered altar of Uskayaw.
  4569 | D:4      | Found a bloodstained altar of Trog.
  4569 | D:4      | Found a burning altar of Makhleb.
  5089 | D:4      | Noticed an ogre
  5102 | D:4      | Killed an ogre
  5102 | D:4      | Reached skill level 1 in Conjurations
  5102 | D:4      | Reached XP level 7. HP: 51/51 MP: 8/13
  5177 | D:4      | Reached skill level 1 in Summonings
  5297 | D:4      | Reached skill level 6 in Ice Magic
  5655 | D:5      | Entered Level 5 of the Dungeon
  5816 | D:5      | Reached XP level 8. HP: 30/58 MP: 3/15
  6124 | D:5      | Found a runed translucent door.
  6125 | D:5      | Noticed Crazy Yiuf
  6273 | D:5      | Killed Crazy Yiuf
  6412 | D:5      | Reached skill level 5 in Spellcasting
  6565 | D:6      | Got a dazzling long sword
  6566 | D:6      | Identified the +7 long sword "Ginaviamp" {venom, rPois
                  | Int+4 Dex-2} (You found it on level 6 of the Dungeon)
  6716 | D:6      | Got a warped leather armour
  6722 | D:6      | Identified the cursed +2 quarterstaff "Bisumn Jaol"
                  | {vorpal, *Contam rC++ MR+++ Str-4}
  6730 | D:6      | Reached skill level 7 in Ice Magic
  6747 | D:5      | Identified the +1 leather armour of Cowardice {rCorr Int+4}
                  | (You found it on level 6 of the Dungeon)
  6891 | D:6      | Found a white marble altar of Elyvilon.
  6954 | D:6      | Reached XP level 9. HP: 65/65 MP: 9/17
  7626 | D:7      | Found a staircase to the Ecumenical Temple.
  7638 | Temple   | Entered the Ecumenical Temple
  7757 | Temple   | Became a worshipper of Vehumet
  7902 | D:7      | Noticed a hippogriff
  7909 | D:7      | Killed a hippogriff
  8040 | D:7      | Reached skill level 8 in Ice Magic
  8338 | D:7      | Noticed Maggie
  8338 | D:7      | Noticed a two-headed ogre
  8342 | D:7      | Mangled by a two-headed ogre

Illustrated notes

Levels and vault maps discovered:
D:1:      minmay_arrival_arboretum_large, layout_basic
D:2:      layout_loops_ring, kennysheep_okawaru_gauntlet
D:3:      layout_rooms, first_ration
D:4:      layout_loops_corners, nicolae_gozag_cash_rules_everything_around_me,
          grunt_temple_overflow_open
D:5:      layout_rooms, uniq_crazy_yiuf_cottage
D:6:      layout_rooms, elyvilon_altar_3
D:7:      layout_basic, minmay_temple_entry_arrows, wad_mini_maze, uniq_maggie
Temple:   minmay_temple_curvy_loop

Skill      XL: |  1  2  3  4  5  6  7  8  9 |
---------------+----------------------------+-----
Fighting       | 1 2 3 4 |  4.7
Spellcasting   | 3 4 5 6 |  6.7
Ice Magic      | 5 6 7 8 |  8.2
Conjurations   | 1 2 3 |  3.0
Summonings     | 2 3 |  3.0
Dodging        | |  2.0
Stealth        | |  2.0

Action                   |  1- 3 |  4- 6 |  7- 9 || total
-------------------------+-------+-------+-------++-------
Melee: Dagger            |    36 |    53 |    24 ||   113
       Unarmed           |     2 |       |       ||     2
       Long sword        |       |       |    41 ||    41
 Cast: Freeze            |    44 |    68 |    29 ||   141
       Frozen Ramparts   |       |    15 |    22 ||    37
       Hailstorm         |       |       |     5 ||     5
       Summon Ice Beast  |       |       |    10 ||    10
  Use: Scroll            |       |     5 |     9 ||    14
       Potion            |       |     1 |     1 ||     2
 Stab: Sleeping          |     3 |       |     1 ||     4
       Distracted        |       |     1 |       ||     1
  Eat: Ration            |     1 |     3 |     3 ||     7
Armor: Robe              |    12 |    28 |    12 ||    52
       Leather armour    |       |       |    18 ||    18
Dodge: Dodged            |    54 |    75 |    48 ||   177
       Rpst.: Long sword |       |       |     9 ||     9

Table legend:
 A = Non-vault XP
 B = Vault XP
 C = Vault XP percentage of total XP
 D = Non-vault monster count
 E = Vault monster count
 F = Vault count percentage of total count
                 A         B        C        D         E       F
            +---------+---------+-------+---------+---------+-------
      Total |    3089 |      48 |   1.5 |     142 |       5 |   3.4
            +---------+---------+-------+---------+---------+-------
        D:1 |      25 |       0 |   0.0 |      15 |       0 |   0.0
        D:2 |      90 |       4 |   4.3 |      24 |       2 |   7.7
        D:3 |     183 |       0 |   0.0 |      26 |       0 |   0.0
        D:4 |     568 |       0 |   0.0 |      25 |       0 |   0.0
        D:5 |     407 |      37 |   8.3 |      12 |       1 |   7.7
        D:6 |     708 |       0 |   0.0 |      15 |       0 |   0.0
        D:7 |    1108 |       7 |   0.6 |      25 |       2 |   7.4
            +---------+---------+-------+---------+---------+-------
